 Dungeon Crawl Stone Soup version 0.20.1-1-g8b1a95d (webtiles) character file.

223 esteth the Changer (level 5, -7/24 HPs)
             Began as a Felid Transmuter on July 12, 2017.
             Mangled by a gnoll
             ... wielding a +0 whip of venom
              (8 damage)
             ... on level 4 of the Dungeon on Aug 5, 2017.
             The game lasted 00:13:11 (4790 turns).

esteth the Changer (Felid Transmuter)               Turns: 4790, Time: 00:13:12

Health: -7/24      AC:  2    Str: 11    XL:     5   Next: 66%
Magic:  3/9        EV: 21    Int: 16    God:
Gold:   246        SH:  0    Dex: 22    Spells: 2/8 levels left
                                        Lives:  0   Deaths: 1

rFire    . . .     SeeInvis +     - Unarmed
rCold    . . .     Gourm    .   (shield unavailable)
rNeg     . . .     Faith    .   (armour unavailable)
rPois    x         Spirit   .   (helmet unavailable)
rElec    .         Reflect  .   (cloak unavailable)
rCorr    .         Harm     .   (gloves unavailable)
MR       .....                  (boots unavailable)
Stlth    ++........             (no amulet)
Regen    0.1/turn               (no ring)
MPRegen  0.2/turn               (no ring)

@: mighty, spider-form, very slightly contaminated
A: no armour, no weapons or thrown items, stealth, see invisible, carnivore 3,
slow metabolism 1
a: End Transformation


You were on level 4 of the Dungeon.
You were not hungry.
You were a venomous arachnid creature.
You visited 1 branch of the dungeon, and saw 4 of its levels.

You collected 246 gold pieces.

Inventory:

Wands
 j - a wand of paralysis (8/24)
Scrolls
 e - 2 scrolls of identify
 k - a scroll of enchant armour {unknown}
 o - a scroll of magic mapping {unknown}
Potions
 g - a potion of haste {unknown}
 h - a potion of ambrosia {unknown}
 i - 2 potions of flight {unknown}
 m - a potion of berserk rage {unknown}
 n - a potion of cancellation {unknown}
Books
 b - a book of Changes

   Spells                             Type                      Level
   a - Beastly Appendage              Transmutation                1
   b - Sticks to Snakes               Transmutation                2
   c - Spider Form                    Transmutation/Poison         3
   d - Ice Form                       Ice/Transmutation            4
   e - Blade Hands                    Transmutation                5
Comestibles
 c - 2 meat rations
 l - 2 royal jellies


   Skills:
 + Level 3.2 Fighting
 - Level 2.6 Dodging
 + Level 4.4 Unarmed Combat
 - Level 2.0 Spellcasting
 - Level 6.0 Transmutations


You had 2 spell levels left.
You knew the following spells:

 Your Spells              Type           Power        Failure   Level  Hunger
a - Beastly Appendage     Tmut           ###...       7%          1    #......
b - Sticks to Snakes      Tmut           ###.....     10%         2    ###....
c - Spider Form           Tmut/Pois      ##........   38%         3    ###....


Dungeon Overview and Level Annotations

Branches:
Dungeon (4/15)
 Temple: D:4-7

Altars:
Dithmenos
Ru

Shops:
D:4 }

Annotations:
D:4 exclusion: orc priest


Innate Abilities, Weirdness & Mutations

You cannot wear armour.
You are incapable of wielding weapons or throwing items.
Your paws allow you to move quietly. (Stealth)
((You have sharp claws.))
((You have razor-sharp teeth.))
You have supernaturally acute eyesight. (SInv)
You are carnivorous and can eat meat at any time.
((You cover ground quickly.))
((You are covered in thick fur. (AC +2)))
You have a slow metabolism.
((Your sharp claws are effective at attacking unaware monsters.))


Message History

Your transformation is almost over.
The gnoll barely misses you.
You feel very mighty all of a sudden. The gnoll misses you.
Casting: Beastly Appendage
Confirm with . or Enter, or press ? or * to list all spells.
You don't have anything to turn into a snake.
Casting: Sticks to Snakes
Confirm with . or Enter, or press ? or * to list all spells.
You miscast Spider Form.
You are very lightly contaminated with residual magic.
Nothing appears to happen.
The gnoll hits you with a whip of venom!
* * * LOW HITPOINT WARNING * * *
Casting: Spider Form
Confirm with . or Enter, or press ? or * to list all spells.
Your horns disappear.
You turn into a venomous arachnid creature.
The gnoll hits you with a whip of venom!
You die...

#######.#...#...#...#.).#
#........................
#..∩....#################
#.......# .# #.......##.#
####..........#
#........[..###
#(##.....)g.# #
#.......s# ######.### #.#
#.# #.# #.# #.. ##


You could see a gnoll.

Vanquished Creatures
  Sigmund (D:2)
  A scorpion (D:4)
  3 orc wizards
  Robin (D:3)
  An adder (D:2)
  2 worms
  3 dart slugs (D:1)
  2 leopard geckos
  5 orcs
  A ball python (D:1)
  7 bats
  6 giant cockroaches
  11 goblins
  7 hobgoblins
  7 jackals
  5 frilled lizards
  10 kobolds
  3 rats
76 creatures vanquished.

Vanquished Creatures (collateral kills)
  A hound (D:3)
  Jessica (D:3)
  A worker ant (D:4)
  An adder (D:2)
  2 worms (D:2)
  2 orcs
  A ball python (D:2)
  A bat (D:2)
  4 goblins (D:3)
  A jackal (D:3)
  A rat (D:2)
16 creatures vanquished.

Grand Total: 92 creatures vanquished

Notes
Turn   | Place    | Note
-------+----------+-------------------------------------------
     0 | D:1      | esteth the Felid Transmuter began the quest for the Orb.
     0 | D:1      | Reached XP level 1. HP: 9/9 MP: 4/4
   387 | D:1      | Reached skill level 3 in Transmutations
   387 | D:1      | Reached XP level 2. HP: 12/12 MP: 4/6
   933 | D:1      | Reached XP level 3. HP: 15/15 MP: 7/7
  1162 | D:1      | Reached skill level 4 in Transmutations
  1485 | D:1      | Learned a level 2 spell: Sticks to Snakes
  1975 | D:2      | Noticed Sigmund
  1991 | D:2      | Killed Sigmund
  1991 | D:2      | Reached skill level 6 in Transmutations
  1991 | D:2      | Reached XP level 4. HP: 16/19 MP: 1/8
  1991 | D:2      | Reached XP level 5. HP: 18/22 MP: 1/9
  2041 | D:2      | Learned a level 3 spell: Spider Form
  2435 | D:2      | Found a shadowy altar of Dithmenos.
  3069 | D:3      | Noticed Jessica
  3078 | D:3      | Killed Jessica
  3078 | D:3      | Gained mutation: You are covered in thick fur. (AC +2) [Felid growth]
  3078 | D:3      | Reached XP level 6. HP: 25/26 MP: 5/10
  3114 | D:3      | Noticed Robin
  3128 | D:3      | Killed Robin
  3723 | D:4      | Found Puxkaerr's Gadget Shop.
  3732 | D:4      | HP: 1/27 [orc/short sword (6)]
  4153 | D:4      | Found a sacrificial altar of Ru.
  4433 | D:4      | Killed from afar by an orc priest
  4434 | D:4      | Reached XP level 5. HP: -6/24 MP: 8/9
  4789 | D:4      | HP: 1/24 [gnoll/whip of venom (10)]
  4790 | D:4      | Mangled by a gnoll

Skill      XL: |  1  2  3  4  5  6 |
---------------+-------------------+-----
Transmutations | 3 6 |  6.0
Fighting       | 2 3 |  3.2
Unarmed Combat | 4 |  4.4
Dodging        | |  2.6
Spellcasting   | |  2.0

Action                   |  1- 3 |  4- 6 || total
-------------------------+-------+-------++-------
Melee: Unarmed           |   112 |   157 ||   269
       Bite              |    15 |    12 ||    27
       Headbutt          |     4 |    12 ||    16
       Punch             |     2 |     3 ||     5
 Cast: Beastly Appendage |    10 |    10 ||    20
       Sticks to Snakes  |     7 |    18 ||    25
       Spider Form       |       |     1 ||     1
  Use: Potion            |     1 |     6 ||     7
       Scroll            |       |     2 ||     2
 Stab: Sleeping          |     5 |     3 ||     8
  Eat: Chunk             |    10 |     7 ||    17
Armor: Skin              |    12 |    14 ||    26
Dodge: Dodged            |    94 |   189 ||   283
